[Event "Titled Tuesday Blitz January 18 2022"]
[White "Yurovskykh, Oleksandr"]
[Black "Logozar, Elijah"]
[WhiteFideId "14134020"]
[BlackFideId "30963788"]
[WhiteElo "2292"]
[BlackElo "2420"]
[Result "1-0"]
[Round "08"]
[TimeControl "180+1"]
[Date "2022.01.18"]
[WhiteClock "0:00:35"]
[BlackClock "0:01:36"]

1. d4 d5 2. Bf4 c5 3. e3 Nc6 4. c3 Nf6 5. Nd2 Bf5 6. Ngf3 Qb6 7. Nh4 Bd7 8. Qb3 c4 9. Qc2 Nh5 10. Bg3 Nxg3 11. hxg3 g5 12. Nhf3 g4 13. Nh4 O-O-O 14. e4 dxe4 15. Bxc4 f5 16. b4 Bh6 17. a4 e3 18. fxe3 Bxe3 19. Nxf5 Bxd2+ 20. Kxd2 Kb8 21. Ne3 Nxd4 22. cxd4 Qxd4+ 23. Ke2 Rhf8 24. Rad1 Qe5 25. Rhf1 Qxg3 26. Rxd7 Rc8 27. Qe4 Rxf1 28. Qxb7# 1-0


[Site "https://www.chess.com"]

[Event "Titled Tuesday Blitz January 18 2022"]
[White "Zhigalko, Sergei"]
[Black "Zhuravlev, Alexey"]
[WhiteFideId "13502956"]
[BlackFideId "4164199"]
[WhiteElo "2662"]
[BlackElo "2546"]
[Result "1-0"]
[Round "08"]
[TimeControl "180+1"]
[Date "2022.01.18"]
[WhiteClock "0:00:36"]
[BlackClock "0:00:14"]

1. e4 c6 2. d4 d5 3. e5 Bf5 4. Nf3 e6 5. Be2 Nd7 6. O-O h6 7. Nbd2 Ne7 8. a4 g5 9. a5 Bg7 10. Nb3 O-O 11. Bd2 f6 12. exf6 Bxf6 13. Bb4 Rf7 14. Re1 Ng6 15. Bd3 Bxd3 16. cxd3 g4 17. Nfd2 e5 18. Qxg4 Rg7 19. Qe6+ Kh8 20. g3 exd4 21. Nf3 Nf4 22. Qf5 Qc7 23. Nc5 Nxc5 24. Bxc5 1-0


[Site "https://www.chess.com"]

[Event "Titled Tuesday Blitz January 18 2022"]
[White "Aditya Mittal"]
[Black "Salinas Herrera, Pablo"]
[WhiteFideId "35042025"]
[BlackFideId "3407128"]
[WhiteElo "2287"]
[BlackElo "2541"]
[Result "1-0"]
[Round "09"]
[TimeControl "180+1"]
[Date "2022.01.18"]
[WhiteClock "0:00:08"]
[BlackClock "0:00:06"]

1. d4 d5 2. c4 c6 3. Nc3 Nf6 4. cxd5 cxd5 5. f3 Nc6 6. e4 e6 7. e5 Nd7 8. f4 f5 9. Nf3 Be7 10. Bd3 O-O 11. Be3 Nb6 12. b3 Bd7 13. O-O Be8 14. Ne2 a5 15. a3 a4 16. b4 Nc4 17. Bxc4 dxc4 18. Nc3 Na7 19. d5 exd5 20. Nxd5 Nb5 21. Bb6 Qd7 22. e6 Qxe6 23. Re1 Qh6 24. Nxe7+ Kh8 25. Bc5 Bh5 26. Qd7 Bxf3 27. gxf3 Nc3 28. Qd4 Nb5 29. Qxc4 Nc7 30. Bd4 Ne8 31. Re6 Qh4 32. Be5 Rd8 33. Qe2 Rd7 34. Qf2 Qh5 35. Re1 Nc7 36. Bxc7 Rxc7 37. Nd5 Rcc8 38. Qe2 Rcd8 39. Ne3 Qh4 40. Ng2 Qh5 41. h4 h6 42. Kh2 Rg8 43. Qe5 Qxf3 44. Qe2 Qxa3 45. Qh5 Rgf8 46. Rxh6+ gxh6 47. Qxh6+ Kg8 48. Re7 1-0


[Site "https://www.chess.com"]

[Event "Titled Tuesday Blitz January 18 2022"]
[White "Andreikin, Dmitry"]
[Black "Pakleza, Zbigniew"]
[WhiteFideId "4158814"]
[BlackFideId "1119290"]
[WhiteElo "2736"]
[BlackElo "2467"]
[Result "1-0"]
[Round "09"]
[TimeControl "180+1"]
[Date "2022.01.18"]
[WhiteClock "0:00:07"]
[BlackClock "0:00:05"]

1. d4 d6 2. e4 Nf6 3. Nc3 c6 4. Nf3 Bg4 5. h3 Bh5 6. g4 Bg6 7. Bd3 e6 8. h4 d5 9. exd5 Nxd5 10. h5 Bxd3 11. Qxd3 Nd7 12. Ne4 N7f6 13. g5 Nb4 14. Nxf6+ gxf6 15. Qe2 Qd5 16. Kd1 fxg5 17. Bxg5 Rg8 18. Be3 O-O-O 19. a3 Na6 20. Kc1 Nc7 21. h6 Be7 22. b3 Bf6 23. Rd1 c5 24. Kb2 Rg4 25. Ka2 cxd4 26. Nxd4 Re4 27. Nf3 Nb5 28. Qe1 Nc3+ 29. Qxc3+ Bxc3 30. Rxd5 Rxd5 31. Rg1 Rf5 32. Ng5 Rxe3 33. fxe3 Rf2 34. b4 Be5 35. Nxh7 Rh2 36. Ng5 f5 37. Nf7 Bc7 38. Kb3 Kd7 39. Rg7 Ke8 40. h7 Kf8 41. Rg8+ Kxf7 42. h8=Q Rxh8 43. Rxh8 Ke7 44. Rh7+ Kd6 45. c4 b6 46. c5+ bxc5 47. bxc5+ Kc6 48. Kc4 f4 49. exf4 Bxf4 50. Rxa7 e5 51. Ra6+ Kd7 52. Kd5 1-0


[Site "https://www.chess.com"]

[Event "Titled Tuesday Blitz January 18 2022"]
[White "Arabidze, Meri"]
[Black "Artem_Koval"]
[WhiteFideId "13604040"]
[WhiteElo "2329"]
[BlackElo "2491"]
[Result "0-1"]
[Round "09"]
[TimeControl "180+1"]
[Date "2022.01.18"]
[WhiteClock "0:00:09"]
[BlackClock "0:01:01"]

1. d4 d5 2. Nf3 Nf6 3. c4 e6 4. Nc3 Be7 5. Bf4 c6 6. e3 O-O 7. h3 Nbd7 8. Bd3 dxc4 9. Bxc4 b5 10. Bd3 Bb7 11. O-O a6 12. a4 b4 13. Ne4 c5 14. Qc2 cxd4 15. Bc7 Qc8 16. Nd6 Bxd6 17. Bxd6 Qxc2 18. Bxc2 Rfc8 19. Rac1 dxe3 20. fxe3 a5 21. Nd4 Nb6 22. Nb5 Nc4 23. Rfe1 Nxb2 24. Nc7 Ra7 25. Bc5 Rxc7 26. Bxa7 Nd5 27. Bb3 Nc3 28. Kh2 Nd3 29. Red1 Be4 30. Rc2 Rxa7 31. Bc4 Nxd1 32. Bxd3 f5 33. Rc8+ Kf7 34. Bb5 Nxe3 0-1


[Site "https://www.chess.com"]

[Event "Titled Tuesday Blitz January 18 2022"]
[White "Aradhya, Garg"]
[Black "Kepeshchuk, Mykhaylo"]
[WhiteFideId "25006746"]
[BlackFideId "14113139"]
[WhiteElo "2169"]
[BlackElo "2279"]
[Result "1-0"]
[Round "09"]
[TimeControl "180+1"]
[Date "2022.01.18"]
[WhiteClock "0:02:51"]
[BlackClock "0:01:35"]

1. d4 Nf6 2. c4 c5 3. dxc5 e6 4. Be3 Ng4 5. Bd4 Nc6 6. e3 Nf6 7. Nf3 Qa5+ 8. Nc3 Ne4 9. a3 Nxd4 10. Qxd4 Nxc3 11. b4 Bxc5 12. Qxc3 1-0


[Site "https://www.chess.com"]

[Event "Titled Tuesday Blitz January 18 2022"]
[White "Azadaliyev, Jahandar"]
[Black "Aydin, Gulenay"]
[WhiteFideId "13425811"]
[BlackFideId "34557431"]
[WhiteElo "1795"]
[BlackElo "1429"]
[Result "1-0"]
[Round "09"]
[TimeControl "180+1"]
[Date "2022.01.18"]
[WhiteClock "0:00:45"]
[BlackClock "0:00:07"]

1. d4 Nf6 2. c4 g6 3. Nf3 Bg7 4. g3 O-O 5. Bg2 d6 6. O-O Nbd7 7. Nc3 e5 8. dxe5 dxe5 9. Bg5 h6 10. Bc1 c6 11. Qb3 Qc7 12. Rd1 Re8 13. Nd2 Nc5 14. Qc2 Bf5 15. Nde4 Rad8 16. Be3 Ne6 17. Nxf6+ Bxf6 18. Qa4 Nd4 19. Qxa7 Ra8 20. Qc5 b6 21. Nd5 Qd8 22. Nxf6+ Qxf6 23. Qxb6 Nxe2+ 24. Kf1 Nd4 25. Bxd4 exd4 26. Qxd4 Qe6 27. Re1 Qc8 28. a3 Rd8 29. Qf6 Rb8 30. Re7 Be6 31. Re1 Bxc4+ 32. Kg1 Rf8 33. Be4 Qg4 34. h3 Qg5 35. Qxg5 hxg5 36. b4 Bb5 37. Bc2 Ra8 38. R1e3 Ra6 39. Bb3 Kg7 40. Ba2 Kh6 41. Bxf7 Rfa8 42. R3e6 Bd3 43. Rd6 Bf5 44. g4 Rxa3 45. gxf5 Ra1+ 46. Kg2 Kh5 47. Rxg6 Rg1+ 48. Kxg1 Ra1+ 49. Kg2 Rg1+ 50. Kxg1 g4 51. Rxg4+ Kh6 52. Re6+ Kh7 53. Reg6 Kh8 54. Rh4# 1-0


[Site "https://www.chess.com"]

[Event "Titled Tuesday Blitz January 18 2022"]
[White "Bacrot, Etienne"]
[Black "Xiong, Jeffery"]
[WhiteFideId "605506"]
[BlackFideId "2047640"]
[WhiteElo "2673"]
[BlackElo "2727"]
[Result "1/2-1/2"]
[Round "09"]
[TimeControl "180+1"]
[Date "2022.01.18"]
[WhiteClock "0:00:11"]
[BlackClock "0:00:09"]

1. d4 d5 2. Nf3 Nf6 3. c4 c6 4. e3 Bf5 5. Nc3 e6 6. Nh4 Be4 7. f3 Bg6 8. Nxg6 hxg6 9. Bd2 Nbd7 10. Qb3 Qc7 11. O-O-O dxc4 12. Bxc4 a6 13. Be2 b5 14. h4 c5 15. Kb1 Be7 16. g4 c4 17. Qc2 Nb6 18. e4 Nfd7 19. h5 gxh5 20. gxh5 b4 21. Na4 c3 22. bxc3 Nxa4 23. Qxa4 bxc3 24. Bc1 Rb8+ 25. Kc2 O-O 26. Rdg1 Rfc8 27. h6 g6 28. Bd3 Kh7 29. f4 Rb4 30. Qxa6 Rxd4 31. f5 Nc5 32. fxg6+ fxg6 33. Qb5 Nxd3 34. Rxg6 Nb4+ 35. Kb3 c2 36. Bb2 Rd3+ 37. Qxd3 Nxd3 38. Rg7+ Kh8 39. Rxe7+ e5 40. Rxc7 Rxc7 41. Bc1 Kh7 42. a4 Nc5+ 43. Kxc2 Nxa4+ 44. Kd3 Nc5+ 45. Ke3 Rb7 46. Kf3 Rb3+ 47. Be3 Ne6 48. Rg1 Nd4+ 49. Kf2 Rb2+ 50. Kf1 Rb1+ 51. Kf2 Rb2+ 52. Kf1 Rb1+ 53. Kf2 Rb2+ 1/2-1/2


[Site "https://www.chess.com"]

[Event "Titled Tuesday Blitz January 18 2022"]
[White "Balabayeva, Xeniya"]
[Black "Agasarov, Benik"]
[WhiteFideId "13719688"]
[BlackFideId "13314823"]
[WhiteElo "1940"]
[BlackElo "2563"]
[Result "0-1"]
[Round "09"]
[TimeControl "180+1"]
[Date "2022.01.18"]
[WhiteClock "0:00:02"]
[BlackClock "0:00:05"]

1. e4 e5 2. Nf3 Nc6 3. Bb5 a6 4. Ba4 d6 5. O-O Bd7 6. c3 g6 7. d4 Bg7 8. h3 Nge7 9. dxe5 Nxe5 10. Nxe5 dxe5 11. Be3 Bc6 12. Bxc6+ Nxc6 13. Qb3 Qc8 14. Rd1 O-O 15. Nd2 b5 16. Nf3 Na5 17. Qb4 Nc4 18. Bc5 Re8 19. b3 Nb6 20. Rd2 Qb7 21. Rad1 Bf8 22. Bxf8 Rxf8 23. Nxe5 Rfe8 24. Ng4 Qc6 25. Qd4 Rad8 26. Nf6+ Kh8 27. Nxe8+ Rxd4 28. Rxd4 h5 29. e5 Kh7 30. Nf6+ Kh6 31. h4 Qxc3 32. f4 Qe3+ 33. Kf1 c5 34. Rd8 Qxf4+ 35. Kg1 Qe3+ 36. Kh1 Qxe5 37. Ng8+ Kg7 0-1


[Site "https://www.chess.com"]

[Event "Titled Tuesday Blitz January 18 2022"]
[White "Baskin, Robert"]
[Black "Gheorghiu, Calin"]
[WhiteFideId "24662402"]
[BlackFideId "1200305"]
[WhiteElo "2488"]
[BlackElo "2168"]
[Result "0-1"]
[Round "09"]
[TimeControl "180+1"]
[Date "2022.01.18"]
[WhiteClock "0:00:25"]
[BlackClock "0:00:31"]

1. d4 Nf6 2. c4 e6 3. Nf3 c5 4. d5 exd5 5. cxd5 d6 6. Nc3 g6 7. g3 Bg7 8. Bg2 O-O 9. O-O Re8 10. Bf4 Ne4 11. Nxe4 Rxe4 12. Nd2 Rb4 13. a3 Rxf4 14. gxf4 Bxb2 15. Nc4 Bg7 16. e4 b5 17. Ne3 Nd7 18. Qf3 Bxa1 19. Rxa1 Qf6 20. Rd1 c4 21. Ng4 Qg7 22. e5 h5 23. Ne3 dxe5 24. d6 Rb8 25. f5 Bb7 26. Qg3 Bxg2 27. Qxg2 gxf5 28. Nxf5 Qxg2+ 29. Kxg2 a5 30. Kf3 b4 31. Rg1+ Kf8 32. Rg7 b3 33. Rh7 Ke8 34. Ng7+ Kf8 35. Nf5 Kg8 36. Rg7+ Kh8 37. Rxf7 b2 0-1


[Site "https://www.chess.com"]

[Event "Titled Tuesday Blitz January 18 2022"]
[White "Bauer, Thomas"]
[Black "Cherniaiev, Tykhon"]
[WhiteFideId "1639293"]
[BlackFideId "14182360"]
[WhiteElo "2220"]
[BlackElo "2289"]
[Result "1-0"]
[Round "09"]
[TimeControl "180+1"]
[Date "2022.01.18"]
[WhiteClock "0:00:08"]
[BlackClock "0:00:03"]

1. d4 Nf6 2. Bf4 d6 3. Nf3 g6 4. Nc3 Bg7 5. e4 O-O 6. h3 c5 7. d5 a6 8. a4 Qb6 9. Qc1 Qa5 10. Nd2 Nbd7 11. Be2 Qc7 12. O-O b6 13. Nc4 Bb7 14. Bh6 Rfb8 15. Bxg7 Kxg7 16. Qg5 Bc8 17. f4 h6 18. Qg3 Ra7 19. e5 Ng8 20. Bd3 b5 21. axb5 axb5 22. exd6 exd6 23. Nxd6 Qxd6 24. Rxa7 c4 25. Be4 Ngf6 26. Kh1 b4 27. Bxg6 fxg6 28. Ne2 Qc5 29. f5 Qxa7 30. Qxg6+ Kf8 31. Nf4 Ke7 32. Qg3 Ne4 33. Re1 Nf6 34. Qg7+ Kd6 35. Qxa7 Rb7 36. Qa6+ Ke5 37. Ng6+ Kxf5 38. Nh4+ Kf4 39. Qxc4 Bd7 40. Rf1+ Kg5 41. Nf3+ Kh5 42. Ne5 Ng3+ 43. Kg1 Nxf1 44. Qe2+ Kg5 45. Qxf1 Bb5 46. Qf3 Re7 47. h4+ Kxh4 48. Qf4+ Kh5 49. Qf5+ Kh4 50. Qxf6+ Kh5 51. Qg6+ Kh4 52. Qg4# 1-0


[Site "https://www.chess.com"]

[Event "Titled Tuesday Blitz January 18 2022"]
[White "Bodnar, Nikolay"]
[Black "Lehtosaari, Mauri"]
[WhiteFideId "14106469"]
[BlackFideId "501999"]
[WhiteElo "2296"]
[BlackElo "2489"]
[Result "1-0"]
[Round "09"]
[TimeControl "180+1"]
[Date "2022.01.18"]
[WhiteClock "0:00:17"]
[BlackClock "0:00:04"]

1. e4 c5 2. Nf3 e6 3. d4 cxd4 4. Nxd4 Qb6 5. Nc3 Bc5 6. Ndb5 a6 7. Na3 Nf6 8. Nc4 Qc7 9. e5 Ng8 10. Ne4 Ne7 11. Ncd6+ Kf8 12. Bd3 Ng6 13. f4 f5 14. Nxc5 Qxc5 15. Qe2 Nc6 16. Be3 Qa5+ 17. Bd2 Qb6 18. O-O-O Nb4 19. a3 1-0


[Site "https://www.chess.com"]

[Event "Titled Tuesday Blitz January 18 2022"]
[White "Bortnyk, Olexandr"]
[Black "Samunenkov, Ihor"]
[WhiteFideId "14120828"]
[BlackFideId "14187086"]
[WhiteElo "2723"]
[BlackElo "2406"]
[Result "1-0"]
[Round "09"]
[TimeControl "180+1"]
[Date "2022.01.18"]
[WhiteClock "0:00:05"]
[BlackClock "0:00:03"]

1. d4 d5 2. Nc3 Nf6 3. Bf4 e6 4. Nb5 Na6 5. e3 c6 6. Nc3 Bd6 7. Bxa6 bxa6 8. Nf3 O-O 9. O-O c5 10. Bxd6 Qxd6 11. dxc5 Qxc5 12. Qd4 Qe7 13. Ne5 Bb7 14. Rfd1 Rfc8 15. a3 Qc5 16. Qxc5 Rxc5 17. Rd4 Rac8 18. Rad1 Kf8 19. f3 Ke7 20. Kf2 a5 21. Ra4 Ba6 22. h4 Rb8 23. Rxa5 Rxa5 24. Nc6+ Kd6 25. Nxb8 Kc7 26. Nxa6+ Rxa6 27. e4 Rb6 28. b3 Rc6 29. Nb5+ Kb6 30. Nd4 Rc3 31. exd5 Nxd5 32. Rd2 a5 33. Ne2 Rc7 34. c4 Nf6 35. Nc3 Kc6 36. b4 axb4 37. axb4 Rb7 38. Nb5 Rb8 39. Rd6+ Kb7 40. g4 Rc8 41. g5 Ne8 42. Rd7+ Kb6 43. Nd6 Nxd6 44. Rxd6+ Kc7 45. c5 Rb8 46. Rd4 e5 47. Re4 Kc6 48. Rxe5 Rxb4 49. Re7 Kxc5 50. Kg3 f6 51. Rxg7 fxg5 52. hxg5 Kd5 53. Rxh7 Ke5 54. Rf7 Rb6 55. f4+ Ke4 56. Kg4 Rb1 57. Re7+ Kd5 58. Kf5 1-0


[Site "https://www.chess.com"]

[Event "Titled Tuesday Blitz January 18 2022"]
[White "Bryakin, Mikhail"]
[Black "Przybylski, Wojciech"]
[WhiteFideId "4165314"]
[BlackFideId "1117599"]
[WhiteElo "2421"]
[BlackElo "2133"]
[Result "1-0"]
[Round "09"]
[TimeControl "180+1"]
[Date "2022.01.18"]
[WhiteClock "0:02:28"]
[BlackClock "0:00:04"]

1. e4 e5 2. d4 exd4 3. Qxd4 Nc6 4. Qd3 Nf6 5. Nc3 Be7 6. Bd2 O-O 7. f4 d6 8. O-O-O a6 9. h3 b5 10. g4 b4 11. Nd5 a5 12. Nxe7+ Qxe7 13. Bg2 Ba6 14. Qe3 Bb7 15. Ne2 Rfe8 16. Ng3 Nd7 17. Rde1 Qe6 18. Kb1 a4 19. Nf5 b3 20. cxb3 axb3 21. a3 Nc5 22. Bc3 f6 23. g5 Na5 24. gxf6 Nc4 25. Qg3 g6 26. Nh6+ Kf8 27. f5 Qd7 28. fxg6 hxg6 29. Qxg6 1-0


[Site "https://www.chess.com"]

[Event "Titled Tuesday Blitz January 18 2022"]
[White "Chigaev, Maksim"]
[Black "Plotkin, Mark"]
[WhiteFideId "4108116"]
[BlackFideId "2611651"]
[WhiteElo "2502"]
[BlackElo "2178"]
[Result "1/2-1/2"]
[Round "09"]
[TimeControl "180+1"]
[Date "2022.01.18"]
[WhiteClock "0:00:07"]
[BlackClock "0:00:20"]

1. Nf3 Nf6 2. c4 c6 3. g3 d5 4. b3 Bf5 5. Bb2 Nbd7 6. Bg2 h6 7. O-O e6 8. d3 Be7 9. Nbd2 O-O 10. Rc1 Bh7 11. Rc2 a5 12. a3 b5 13. cxb5 cxb5 14. Nd4 Qb6 15. Qa1 Rac8 16. Rfc1 Rxc2 17. Rxc2 Bc5 18. b4 axb4 19. axb4 Bxb4 20. N2b3 e5 21. Nc6 Bd6 22. Nxe5 Nxe5 23. Bxe5 Bxe5 24. Qxe5 Qxf2+ 25. Kxf2 Ng4+ 26. Kg1 Nxe5 27. Bxd5 Bg6 28. Rc5 b4 29. Rb5 Rd8 30. h3 Kh7 31. Bg2 Nxd3 32. exd3 Rxd3 33. Rxb4 Rxg3 34. Kf2 Rc3 35. Nd4 Ra3 36. h4 Ra2+ 37. Kg3 Ra3+ 38. Kf4 Ra2 39. Bf3 Ra5 40. Nc6 Rc5 41. Ne5 Bc2 42. h5 g5+ 43. hxg6+ Bxg6 44. Rb7 Kg7 45. Bg4 Rc1 46. Nxg6 Rf1+ 47. Bf3 Kxg6 48. Rb6+ Kg7 49. Kg4 Rg1+ 50. Kh4 Rg5 51. Bh5 Rf5 52. Rc6 Rf4+ 53. Kg3 Rf5 54. Bg4 Rg5 55. Kf4 Rg6 56. Rc7 Rf6+ 57. Kg3 Rg6 58. Kf3 Rf6+ 59. Ke4 Rg6 60. Bf5 Ra6 61. Kf4 Ra4+ 62. Be4 Ra5 63. Rd7 Ra6 64. Bd5 Rf6+ 65. Ke5 Rf1 66. Ra7 Re1+ 67. Be4 Rg1 68. Ra2 Rg5+ 69. Bf5 Rg1 70. Re2 Rg5 71. Re1 Rg3 72. Kf4 Rg5 73. Rh1 Rg2 74. Bg4 Rf2+ 75. Bf3 Ra2 76. Rg1+ Kf6 77. Rg8 Ra4+ 78. Be4 Ra1 79. Rh8 Rf1+ 80. Ke3 Re1+ 81. Kf3 Kg5 82. Rg8+ Kf6 83. Kf4 Rf1+ 84. Bf3 Ra1 85. Rg3 Ra4+ 86. Be4 Ra1 87. Rf3 Kg7 88. Ke5 Ra5+ 89. Bd5 Ra7 90. Rg3+ Kf8 91. Rg1 Re7+ 92. Kf6 Rd7 93. Be4 Rd6+ 94. Ke5 Re6+ 95. Kf4 Rf6+ 96. Bf5 Ra6 97. Bh7 Ke7 1/2-1/2


[Site "https://www.chess.com"]

[Event "Titled Tuesday Blitz January 18 2022"]
[White "Chizhikov, Vladislav"]
[Black "Pires, Marcos Vinicius Torsani"]
[WhiteFideId "4178157"]
[BlackFideId "2118939"]
[WhiteElo "2120"]
[BlackElo "2273"]
[Result "1-0"]
[Round "09"]
[TimeControl "180+1"]
[Date "2022.01.18"]
[WhiteClock "0:01:44"]
[BlackClock "0:00:07"]

1. e4 c6 2. d4 d5 3. Nc3 dxe4 4. Nxe4 Bf5 5. Ng3 Bg6 6. h4 h6 7. Nh3 e6 8. Nf4 Bh7 9. Bd3 Bxd3 10. Qxd3 Nf6 11. Bd2 Nbd7 12. Ng6 fxg6 13. Qxg6+ Ke7 14. Bb4+ c5 15. dxc5 Qe8 16. c6+ Kd8 17. Qxe8+ Kxe8 18. cxd7+ Nxd7 19. Bxf8 Rxf8 20. Ne4 Ke7 21. O-O-O Rad8 22. Rhe1 Rf4 23. g3 Rf3 24. Re2 Nf6 25. Rxd8 Kxd8 26. Nc5 Ng4 27. Nxe6+ Kd7 28. Nc5+ Kc6 29. Nd3 Kd6 30. Kd2 Rf7 31. Ke1 Nh2 32. Nf4 Nf3+ 33. Kf1 Rf6 34. h5 Nd4 35. Rd2 Kc5 36. c3 Nc6 37. Rd7 Rd6 38. b4+ 1-0


[Site "https://www.chess.com"]

[Event "Titled Tuesday Blitz January 18 2022"]
[White "Cori T., Deysi"]
[Black "Omariev, Maksim"]
[WhiteFideId "3801934"]
[BlackFideId "4193423"]
[WhiteElo "2350"]
[BlackElo "2495"]
[Result "1-0"]
[Round "09"]
[TimeControl "180+1"]
[Date "2022.01.18"]
[WhiteClock "0:01:01"]
[BlackClock "0:00:02"]

1. Nf3 d5 2. d4 Nf6 3. c4 e6 4. e3 Be7 5. Nbd2 c5 6. cxd5 Nxd5 7. Bb5+ Bd7 8. Qe2 O-O 9. O-O a6 10. Bxd7 Nxd7 11. Rd1 cxd4 12. Nxd4 Rc8 13. N2f3 Qb6 14. e4 N5f6 15. Bg5 h6 16. Bh4 Nc5 17. Nd2 Qxb2 18. N4f3 Ncxe4 19. Rdb1 Qc2 20. Rxb7 Ba3 21. Re1 Rfd8 22. Nxe4 Qxe2 23. Rxe2 Nxe4 24. Bxd8 Rc1+ 25. Re1 1-0


[Site "https://www.chess.com"]

[Event "Titled Tuesday Blitz January 18 2022"]
[White "Costachi, Mihnea"]
[Black "Tsyhanchuk, Stanislav"]
[WhiteFideId "1217518"]
[BlackFideId "13505130"]
[WhiteElo "2464"]
[BlackElo "2078"]
[Result "1-0"]
[Round "09"]
[TimeControl "180+1"]
[Date "2022.01.18"]
[WhiteClock "0:00:42"]
[BlackClock "0:00:02"]

1. e4 Nf6 2. e5 Nd5 3. d4 d6 4. Bc4 Nb6 5. Bb5+ c6 6. Bd3 g6 7. Nf3 Bg4 8. h3 Bxf3 9. Qxf3 Bg7 10. O-O dxe5 11. dxe5 Bxe5 12. Nc3 O-O 13. Bh6 Bg7 14. Bxg7 Kxg7 15. Rfe1 N8d7 16. Rad1 e6 17. Ne4 Qe7 18. c4 Nf6 19. c5 Nbd5 20. Nd6 b6 21. Qg3 Kh8 22. Bb1 bxc5 23. Nc4 Rad8 24. Ne5 Qc7 25. Rc1 Nd7 26. f4 Nxe5 27. fxe5 Rb8 28. b3 Qa5 29. Kh1 Qb4 30. Rc4 Qd2 31. Rxc5 Rb5 32. Rxc6 Rbb8 33. Be4 Ne7 34. Rc7 Nd5 35. Bxd5 Qxd5 36. Rxa7 Rbc8 37. Rf1 Kg8 38. Qf2 Qd3 39. Qf3 1-0


[Site "https://www.chess.com"]

[Event "Titled Tuesday Blitz January 18 2022"]
[White "Coto Mederos, Michel"]
[Black "Rangel, Daniel"]
[WhiteFideId "3508528"]
[BlackFideId "2124475"]
[WhiteElo "2427"]
[BlackElo "2187"]
[Result "1-0"]
[Round "09"]
[TimeControl "180+1"]
[Date "2022.01.18"]
[WhiteClock "0:01:57"]
[BlackClock "0:00:34"]

1. d4 Nf6 2. Bg5 e6 3. e4 Be7 4. Bxf6 Bxf6 5. Nf3 O-O 6. e5 Be7 7. Bd3 d6 8. h4 c5 9. Bxh7+ Kxh7 10. Ng5+ Kh6 11. Qd3 g6 12. h5 Rh8 13. Nxf7+ 1-0


[Site "https://www.chess.com"]

[Event "Titled Tuesday Blitz January 18 2022"]
[White "Dauner, Benedikt"]
[Black "Belyakov, Bogdan"]
[WhiteFideId "16225899"]
[BlackFideId "24104795"]
[WhiteElo "2230"]
[BlackElo "2407"]
[Result "0-1"]
[Round "09"]
[TimeControl "180+1"]
[Date "2022.01.18"]
[WhiteClock "0:00:01"]
[BlackClock "0:00:29"]

1. d4 Nf6 2. Nf3 g6 3. Nc3 d5 4. Bf4 Bg7 5. e3 O-O 6. Be2 b6 7. h4 Bb7 8. Ne5 Nbd7 9. h5 Nxe5 10. Bxe5 h6 11. Bd3 g5 12. f4 gxf4 13. exf4 Ne4 14. Bxg7 Kxg7 15. Bxe4 dxe4 16. d5 e6 17. Qd4+ Qf6 18. Qxf6+ Kxf6 19. Nxe4+ Kf5 20. Ng3+ Kg4 21. Ne2 Bxd5 22. Kf2 Kf5 23. Rh4 Rg8 24. Nd4+ Kf6 25. g4 Rad8 26. Ke3 c5 27. Ne2 e5 28. fxe5+ Kxe5 29. Rf1 Be6 30. Rf4 Rd1 31. Re4+ Kd6 32. b3 Rf1 33. a4 Bd5 34. Rf4 Re8+ 35. Kd3 Rd1+ 36. Kc3 Rxe2 37. Rf6+ Ke7 38. Rxh6 Rdd2 39. g5 Rxc2+ 40. Kd3 Rcd2+ 41. Kc3 Rb2 42. Kd3 Rg2 43. Ke3 Rxg5 44. Rh7 Rxb3+ 45. Kf4 Kf6 46. Rh6+ Kg7 47. Kxg5 Rg3+ 48. Kf5 Kxh6 49. Ke5 Bc6 50. Kd6 Be8 51. Ke7 Re3+ 52. Kf8 f5 53. a5 bxa5 54. Rc4 a4 55. Rxc5 a3 56. Rxf5 a2 57. Ra5 Re2 58. Rxa7 Bxh5 59. Ra6+ Bg6 60. Ra5 Re8# 0-1


[Site "https://www.chess.com"]

[Event "Titled Tuesday Blitz January 18 2022"]
[White "Deac, Bogdan-Daniel"]
[Black "Nakamura, Hikaru"]
[WhiteFideId "1226380"]
[BlackFideId "2016192"]
[WhiteElo "2646"]
[BlackElo "2850"]
[Result "1-0"]
[Round "09"]
[TimeControl "180+1"]
[Date "2022.01.18"]
[WhiteClock "0:00:04"]
[BlackClock "0:01:22"]

1. e4 e5 2. Nf3 Nc6 3. Bb5 Nf6 4. O-O Nxe4 5. Re1 Nd6 6. Nxe5 Be7 7. Bf1 Nf5 8. Nf3 O-O 9. d4 d5 10. Nc3 Bb4 11. h3 Bxc3 12. bxc3 Nd6 13. Ne5 Ne7 14. c4 f6 15. c5 fxe5 16. cxd6 Qxd6 17. Rxe5 Nc6 18. Re3 Bf5 19. Ba3 Qf6 20. Bxf8 Rxf8 21. c3 Be4 22. f3 Qg5 23. Qc1 Bg6 24. Re8 Qf6 25. Rxf8+ Kxf8 26. Qe3 Ne7 27. Re1 Nf5 28. Qf4 Qd6 29. Re5 Qf6 30. Rxd5 c6 31. Qb8+ Be8 32. Re5 Ne7 33. Qxb7 Ng6 34. Re1 Qh4 35. Re4 Qd8 36. Qxa7 h6 37. Qc5+ Kg8 38. Bc4+ Kh7 39. a4 Bd7 40. Qd6 Qc8 41. Bd3 Bf5 42. Re8 Qxe8 43. Bxf5 Qe3+ 44. Kh2 Kh8 45. Qxg6 Qf4+ 46. Kg1 Qe3+ 47. Kf1 Qc1+ 48. Kf2 Qd2+ 49. Kg3 Qe1+ 50. Kh2 Kg8 51. Qe6+ Kf8 52. Qxe1 1-0


[Site "https://www.chess.com"]

[Event "Titled Tuesday Blitz January 18 2022"]
[White "Demin, Vladimir"]
[Black "Cunha, Lucas Aguiar"]
[WhiteFideId "4167457"]
[BlackFideId "2125404"]
[WhiteElo "2488"]
[BlackElo "2361"]
[Result "0-1"]
[Round "09"]
[TimeControl "180+1"]
[Date "2022.01.18"]
[WhiteClock "0:00:03"]
[BlackClock "0:00:14"]

1. d4 Nf6 2. g4 Nxg4 3. e4 d5 4. Be2 Nf6 5. e5 Nfd7 6. Nf3 e6 7. Bg5 Be7 8. Rg1 f6 9. Bf4 O-O 10. Qd2 Kh8 11. Nc3 a6 12. O-O-O c5 13. Rg2 Nc6 14. Rdg1 cxd4 15. Nxd4 Nxd4 16. Qxd4 fxe5 17. Bxe5 Nxe5 18. Qxe5 Bf6 19. Qh5 e5 20. Bd3 e4 21. Nxe4 dxe4 22. Bxe4 Bxb2+ 23. Kb1 Bf5 24. Bxf5 Rxf5 25. Qxf5 Qb6 26. Qd5 Bf6+ 27. Qb3 Qd4 28. c3 Qd3+ 29. Qc2 Qb5+ 30. Qb3 Qf5+ 31. Qc2 Qf3 32. Rg3 Qc6 33. Rh3 Qb5+ 34. Ka1 h6 35. a4 Qc4 36. Kb2 Rc8 37. Rg6 Qb4+ 38. Qb3 Qf4 39. Qc2 b5 40. Rgg3 b4 41. Rf3 bxc3+ 42. Ka2 Qc4+ 43. Ka1 Re8 0-1


[Site "https://www.chess.com"]

[Event "Titled Tuesday Blitz January 18 2022"]
[White "Devaev, Alexander"]
[Black "Halkias, Stelios"]
[WhiteFideId "4169395"]
[BlackFideId "4201809"]
[WhiteElo "2185"]
[BlackElo "2453"]
[Result "1-0"]
[Round "09"]
[TimeControl "180+1"]
[Date "2022.01.18"]
[WhiteClock "0:00:12"]
[BlackClock "0:00:17"]

1. d4 Nf6 2. c4 g6 3. Nc3 Bg7 4. e4 d6 5. Nf3 O-O 6. h3 Na6 7. Bg5 e5 8. d5 h6 9. Be3 Nc5 10. Nd2 a5 11. g4 Kh8 12. Be2 Nh7 13. Qc2 f5 14. gxf5 gxf5 15. O-O-O b6 16. Rdg1 Qf6 17. h4 Bd7 18. h5 Ng5 19. a3 Rf7 20. Kb1 a4 21. Ka2 f4 22. Bxc5 bxc5 23. Bg4 f3 24. Bxd7 Rxd7 25. Nxa4 Qf4 26. Nc3 Bf6 27. Qd3 Rf8 28. Nd1 Bg7 29. Ne3 Rdf7 30. Rg4 Qf6 31. Nf5 Qd8 32. Rhg1 Rxf5 33. exf5 e4 34. Nxe4 Rxf5 35. Nxg5 Rxg5 36. Rxg5 hxg5 37. Qg6 Qb8 38. Rb1 Qd8 39. h6 Bd4 40. Re1 Be5 41. Re4 Qf8 42. h7 Qg7 43. Qxg7+ Kxg7 44. Re3 g4 45. Re4 Kxh7 46. Rxg4 Bd4 47. Rf4 Bxf2 48. Rxf3 Bd4 49. Rf7+ Kg6 50. Rxc7 Kf5 51. Kb3 Ke4 52. Rh7 Kd3 53. Rh3+ Ke4 54. a4 Be3 55. Rxe3+ Kxe3 56. a5 1-0


[Site "https://www.chess.com"]